[Event "ICC tourney 2313 (120 10)"]
[Site "Internet Chess Club"]
[Date "2021.01.18"]
[Round "6"]
[White "andrewhhu"]
[Black "halobeams"]
[Result "1-0"]
[ICCResult "Black resigns"]
[WhiteElo "965"]
[BlackElo "1278"]
[Opening "Giuoco Pianissimo"]
[ECO "C50"]
[NIC "IG.02"]
[Time "16:16:20"]
[PlyCount "21"]
[TimeControl "7200+10"]

1. e4 e5 2. Nf3 Nc6 3. Bc4 Bc5 4. d3 d6 5. Ng5 Nh6 6. O-O O-O 7. c3 Ng4 8.
Nd2 Qxg5 9. a4 a6 10. Nb3 Ba7 11. Bxg5 { Black resigns } 1-0

[Event "ICC tourney 2313 (120 10)"]
[Site "Internet Chess Club"]
[Date "2021.01.18"]
[Round "6"]
[White "Anichess2009"]
[Black "cappyal"]
[Result "0-1"]
[ICCResult "White resigns"]
[WhiteElo "843"]
[BlackElo "624"]
[Opening "King's pawn game"]
[ECO "C50"]
[NIC "IG.03"]
[Time "16:16:22"]
[PlyCount "136"]
[TimeControl "7200+10"]

1. e4 e5 2. Nf3 Nc6 3. Bc4 h6 4. Nc3 Nf6 5. d4 exd4 6. Nxd4 Nxd4 7. Qxd4
Bb4 8. a3 Bxc3+ 9. bxc3 Qe7 10. f3 d6 11. O-O O-O 12. Re1 Re8 13. Bd2 Qe5
14. Qxe5 Rxe5 15. Bf4 Re8 16. Bb5 Bd7 17. Bxd7 Nxd7 18. Rab1 Rab8 19. Rbd1
Nc5 20. e5 dxe5 21. Rxe5 Rxe5 22. Bxe5 Rc8 23. Rd5 Ne6 24. Kf2 Rd8 25.
Rxd8+ Nxd8 26. Bxc7 Nc6 27. Ke3 Kf8 28. Bd6+ Ke8 29. Ke4 g6 30. h4 h5 31.
g4 hxg4 32. fxg4 Kd7 33. Bb4 Ke6 34. g5 f6 35. c4 fxg5 36. hxg5 Ne5 37. c5
Nf7 38. Kf4 Kd5 39. c3 Kc4 40. Kg4 Kb5 41. Kf4 a5 42. c4+ Kxc4 43. Bxa5
Kxc5 44. Bb4+ Kd5 45. Kg4 Ke4 46. Kh4 Kf5 47. Be7 Ne5 48. Bf6 Nf3+ 49. Kg3
Nxg5 50. Bxg5 Kxg5 51. Kf3 Kh4 52. Kg2 g5 53. Kh2 Kg4 54. Kg2 Kf4 55. Kf2
g4 56. Kg2 b5 57. Kf1 Kg3 58. Kg1 Kf3 59. Kf1 g3 60. Kg1 Ke3 61. Kg2 Kd3
62. Kxg3 Kc3 63. Kf2 Kb3 64. Ke1 Kxa3 65. Kd1 Ka2 66. Kc2 b4 67. Kc1 b3 68.
Kd1 b2 { White resigns } 0-1

[Event "ICC tourney 2313 (120 10)"]
[Site "Internet Chess Club"]
[Date "2021.01.18"]
[Round "6"]
[White "PirateKing"]
[Black "chessadpa"]
[Result "0-1"]
[ICCResult "White checkmated"]
[WhiteElo "957"]
[BlackElo "1179"]
[Opening "Queen's pawn, Mason variation"]
[ECO "D00"]
[NIC "QP.08"]
[Time "16:16:23"]
[PlyCount "60"]
[TimeControl "7200+10"]

1. d4 d5 2. Bf4 Nc6 3. Nf3 Bf5 4. e3 a6 5. c3 Nf6 6. Bd3 Bxd3 7. Qxd3 Ne4
8. Nbd2 Nxd2 9. Qxd2 Qd7 10. O-O h5 11. h3 O-O-O 12. Ne5 Nxe5 13. Bxe5 f6
14. Bh2 g5 15. f4 g4 16. hxg4 hxg4 17. Qe2 Qf5 18. g3 Rh3 19. Qg2 Qh5 20.
Rf2 e6 21. Raf1 c5 22. f5 cxd4 23. cxd4 Bd6 24. fxe6 Rh8 25. Rf5 Qh7 26.
Rxf6 Rxh2 27. Rf7 Rh1+ 28. Kf2 Qc2+ 29. Ke1 Bb4+ 30. Qd2 Qxd2# { White
checkmated } 0-1

[Event "ICC tourney 2313 (120 10)"]
[Site "Internet Chess Club"]
[Date "2021.01.18"]
[Round "6"]
[White "oxdidi"]
[Black "prostripe"]
[Result "1-0"]
[ICCResult "Black checkmated"]
[WhiteElo "959"]
[BlackElo "1344"]
[Opening "Caro-Kann: advance variation"]
[ECO "B12"]
[NIC "CK.04"]
[Time "16:16:42"]
[PlyCount "107"]
[TimeControl "7200+10"]

1. e4 c6 2. d4 d5 3. e5 Bf5 4. Nf3 h6 5. Nc3 e6 6. h3 Bb4 7. Bd2 Bxc3 8.
Bxc3 Be4 9. Be2 Ne7 10. O-O Bxf3 11. Bxf3 Nd7 12. Qd3 Qb6 13. Rfe1 O-O 14.
a3 c5 15. dxc5 Nxc5 16. Qe3 Nf5 17. Qd2 Na4 18. Bb4 a5 19. Bxf8 Rxf8 20. b3
Nc5 21. b4 axb4 22. Qxb4 Qc6 23. c4 Nd3 24. cxd5 Qe8 25. Qxb7 Nxe1 26. Rxe1
exd5 27. Bxd5 Qe7 28. Qxe7 Nxe7 29. Bf3 Rb8 30. a4 Kf8 31. a5 Rb5 32. a6
Ra5 33. Bb7 Nf5 34. e6 f6 35. g4 Nd6 36. e7+ Kf7 37. a7 Rxa7 38. Bd5+ Ke8
39. Bc6+ Kf7 40. e8=Q+ Nxe8 41. Bxe8+ Kf8 42. Bg6 Re7 43. Ra1 Rc7 44. Ra8+
Ke7 45. Re8+ Kd6 46. Rd8+ Ke5 47. Re8+ Kf4 48. Bf5 Kg5 49. Kg2 Kh4 50. Re4
Ra7 51. Bh7 Rc7 52. g5+ Kxg5 53. Rg4+ Kh5 54. Bg6# { Black checkmated } 1-0

[Event "ICC tourney 2313 (120 10)"]
[Site "Internet Chess Club"]
[Date "2021.01.18"]
[Round "6"]
[White "chessbud"]
[Black "maanavshah2005"]
[Result "1/2-1/2"]
[ICCResult "Game drawn by mutual agreement"]
[WhiteElo "1251"]
[BlackElo "180"]
[Opening "Queen's pawn, Mason variation"]
[ECO "D00"]
[NIC "QP.08"]
[Time "16:16:15"]
[PlyCount "90"]
[TimeControl "7200+10"]

1. d4 d5 2. Bf4 Nc6 3. Nf3 Bf5 4. e3 Nf6 5. c4 e6 6. Nc3 dxc4 7. Bxc4 Bb4
8. Qb3 Nd5 9. O-O Nxf4 10. exf4 a5 11. Bb5 O-O 12. a3 Bd6 13. Qa4 Ne7 14.
Rfe1 c6 15. Bf1 Bxf4 16. d5 Bd6 17. dxe6 fxe6 18. Red1 Qb6 19. Rxd6 Qxb2
20. Qd1 Qxc3 21. Nd4 e5 22. Nxf5 Nxf5 23. Rd3 Qc4 24. Rh3 Qd4 25. Qxd4 exd4
26. Bd3 g6 27. Rb1 Rab8 28. Be4 Rfe8 29. Bc2 Re2 30. Bxf5 gxf5 31. Rh5 Rf8
32. f3 Rf7 33. Rh4 Rd2 34. Rb3 Rd1+ 35. Kf2 Rd2+ 36. Kf1 Rg7 37. g3 Rd7 38.
Rh5 Rf7 39. Ke1 Ra2 40. Rd3 c5 41. Kf1 Kh8 42. Rg5 Rxh2 43. Kg1 Rc2 44. Rd1
Rc3 45. Re1 h6 { Game drawn by mutual agreement } 1/2-1/2

[Event "ICC tourney 2313 (120 10)"]
[Site "Internet Chess Club"]
[Date "2021.01.18"]
[Round "6"]
[White "SMILERG"]
[Black "vihaan2011"]
[Result "0-1"]
[ICCResult "White checkmated"]
[WhiteElo "1247"]
[BlackElo "1307"]
[Opening "Queen's bishop game"]
[ECO "D02"]
[NIC "QP.08"]
[Time "16:16:24"]
[PlyCount "150"]
[TimeControl "7200+10"]

1. d4 d5 2. Nf3 Nf6 3. Bf4 e6 4. e3 Bd6 5. Bg3 O-O 6. Bd3 Nc6 7. c3 Re8 8.
Qc2 e5 9. dxe5 Nxe5 10. Nxe5 Bxe5 11. Nd2 c5 12. Bh4 h6 13. O-O c4 14. Be2
Qb6 15. Bf3 Qd6 16. h3 g5 17. Bg3 Bxg3 18. fxg3 Qxg3 19. e4 Bxh3 20. Rf2 g4
21. Nf1 Qh4 22. gxh3 gxf3 23. Rxf3 dxe4 24. Rg3+ Kh8 25. Qf2 Rg8 26. Re1
Nh5 27. Qd4+ f6 28. Rxe4 Rxg3+ 29. Nxg3 Qxg3+ 30. Kf1 Qd3+ 31. Ke1 Qxd4 32.
Rxd4 Re8+ 33. Kd2 f5 34. Rxc4 f4 35. Rd4 f3 36. Rd3 Re2+ 37. Kd1 Rxb2 38.
Rxf3 Rxa2 39. Rf8+ Kg7 40. Rd8 Nf6 41. Rb8 Rb2 42. Kc1 Rb5 43. Kc2 a5 44.
Ra8 Rh5 45. Ra7 Rxh3 46. Rxb7+ Kg6 47. Ra7 Rh5 48. Ra6 Rg5 49. Kb3 h5 50.
c4 h4 51. Ra8 h3 52. Rh8 Rh5 53. Rd8 h2 54. Rd1 h1=Q 55. Rxh1 Rxh1 56. Ka4
Rc1 57. Kb5 a4 58. Kxa4 Rxc4+ 59. Kb5 Rf4 60. Kc5 Kf5 61. Kd6 Re4 62. Kc5
Ke5 63. Kc6 Rd4 64. Kc5 Nd7+ 65. Kc6 Rc4+ 66. Kb5 Rc5+ 67. Kb4 Kd4 68. Kb3
Nb6 69. Kb4 Kd5 70. Kb3 Rc4 71. Kb2 Kd4 72. Kb3 Kd3 73. Kb2 Rc3 74. Ka2 Kc2
75. Ka1 Ra3# { White checkmated } 0-1

[Event "ICC tourney 2313 (120 10)"]
[Site "Internet Chess Club"]
[Date "2021.01.18"]
[Round "6"]
[White "charlesshen"]
[Black "MatthewDiao"]
[Result "1/2-1/2"]
[ICCResult "Black stalemated"]
[WhiteElo "1262"]
[BlackElo "1256"]
[Opening "Sicilian: Taimanov variation"]
[ECO "B46"]
[NIC "SI.39"]
[Time "16:16:21"]
[PlyCount "141"]
[TimeControl "7200+10"]

1. e4 c5 2. Nf3 Nc6 3. d4 cxd4 4. Nxd4 e6 5. Nc3 a6 6. Be3 d5 7. exd5 exd5
8. a3 h6 9. Bd3 Nf6 10. Qd2 Be7 11. O-O-O Ng4 12. f3 Nxe3 13. Qxe3 O-O 14.
Kb1 Re8 15. Qf2 Qb6 16. Nxd5 Qxd4 17. Bh7+ Kxh7 18. Rxd4 Bc5 19. c3 Bf5+
20. Ka1 Rad8 21. Nf6+ gxf6 22. Rxd8 Bxf2 23. Rxe8 Be6 24. Rf1 Bc5 25. Rd1
b6 26. b4 Be7 27. Ra8 Bc4 28. Rd7 Kg7 29. Rc7 Bd5 30. Rac8 Bd8 31. Rxc6
Bxc6 32. Rxc6 Kg6 33. c4 Kf5 34. c5 bxc5 35. Rxc5+ Kg6 36. Rc6 a5 37. bxa5
Bxa5 38. Ra6 Bc3+ 39. Kb1 Kf5 40. Kc2 Bd4 41. Kd3 Bb2 42. a4 Ke5 43. a5 Kd5
44. Rxf6 Bxf6 45. Ke3 Kc5 46. Kf4 Bg5+ 47. Kg4 Kb5 48. g3 Bf6 49. Kf5 Bg7
50. Ke4 Kxa5 51. Kd5 Kb5 52. Kd6 Bf6 53. Kd7 Kc5 54. Ke8 Kd6 55. Kxf7 Ke5
56. Kg6 Bg5 57. h4 Be3 58. f4+ Bxf4 59. gxf4+ Kxf4 60. Kxh6 Kf5 61. h5 Kf6
62. Kh7 Kf7 63. h6 Kf8 64. Kh8 Kf7 65. Kh7 Kf8 66. Kg6 Kg8 67. Kf6 Kh7 68.
Kg5 Kh8 69. Kg6 Kg8 70. h7+ Kh8 71. Kh6 { Black stalemated } 1/2-1/2

[Event "ICC tourney 2313 (120 10)"]
[Site "Internet Chess Club"]
[Date "2021.01.18"]
[Round "6"]
[White "rileygordon"]
[Black "aaronfeng"]
[Result "1/2-1/2"]
[ICCResult "Game drawn by repetition"]
[WhiteElo "1328"]
[BlackElo "993"]
[Opening "Ruy Lopez: closed"]
[ECO "C90"]
[NIC "RL.19"]
[Time "16:16:19"]
[PlyCount "48"]
[TimeControl "7200+10"]

1. e4 e5 2. Nf3 Nc6 3. Bb5 a6 4. Ba4 Nf6 5. O-O b5 6. Bb3 Be7 7. Re1 d6 8.
a4 Na5 9. Bd5 c6 10. Ba2 Bd7 11. d4 Qc7 12. axb5 axb5 13. Bd2 Nc4 14. Nc3
Nxb2 15. Qb1 Na4 16. dxe5 dxe5 17. Ng5 O-O 18. Bb3 Nxc3 19. Bxc3 Rxa1 20.
Qxa1 Bd6 21. Nf3 Re8 22. Ng5 Rf8 23. Nf3 Re8 24. Ng5 Rf8 { Game drawn by
repetition } 1/2-1/2

[Event "ICC tourney 2313 (120 10)"]
[Site "Internet Chess Club"]
[Date "2021.01.18"]
[Round "6"]
[White "VirginiaGuy"]
[Black "kittypuppy"]
[Result "0-1"]
[ICCResult "White resigns"]
[WhiteElo "1298"]
[BlackElo "1058"]
[Opening "Queen's pawn"]
[ECO "A40"]
[NIC "QO.17"]
[Time "16:16:17"]
[PlyCount "116"]
[TimeControl "7200+10"]

1. d4 c6 2. Nf3 d5 3. Bf4 Bf5 4. e3 e6 5. c4 Nd7 6. Nc3 Ngf6 7. h3 Be7 8.
Qb3 b6 9. Ne5 Nxe5 10. Bxe5 O-O 11. cxd5 cxd5 12. Bb5 a6 13. Be2 Nd7 14.
Bh2 Nf6 15. O-O Bd6 16. Rac1 Bxh2+ 17. Kxh2 Qd6+ 18. Kg1 Rfc8 19. Na4 b5
20. Rxc8+ Rxc8 21. Nc5 h6 22. Qa3 Rc6 23. Bd3 Bxd3 24. Qxd3 Nd7 25. b4 Qc7
26. a3 Kf8 27. Qh7 Nf6 28. Qd3 Ke7 29. Re1 Qb6 30. Ra1 Qc7 31. Re1 g6 32.
Qe2 h5 33. Ra1 Ne8 34. Qd3 Nd6 35. a4 Nc4 36. a5 Kf6 37. Qe2 Ke7 38. Qd3
Nd6 39. Qe2 Ne4 40. Qd3 Nd6 41. Qe2 Nf5 42. Qd3 Kf8 43. Rc1 Kg7 44. Qe2 Qe7
45. Qf3 Nh4 46. Qg3 Nf5 47. Qf3 Qg5 48. Rd1 Nh4 49. Qg3 Qxg3 50. fxg3 Nf5
51. Kf2 Nd6 52. Rc1 Ne4+ 53. Kf3 g5 54. g4 hxg4+ 55. Kxg4 Kg6 56. Kf3 Kh5
57. Ke2 Kh4 58. Rf1 Ng3+ { White resigns } 0-1

[Event "ICC tourney 2313 (120 10)"]
[Site "Internet Chess Club"]
[Date "2021.01.18"]
[Round "6"]
[White "greatodda"]
[Black "itg"]
[Result "0-1"]
[ICCResult "White checkmated"]
[WhiteElo "1022"]
[BlackElo "881"]
[Opening "Ruy Lopez: classical (Cordel) defense"]
[ECO "C64"]
[NIC "RL.01"]
[Time "16:16:17"]
[PlyCount "86"]
[TimeControl "7200+10"]

1. e4 e5 2. Nf3 Nc6 3. Bb5 Bc5 4. d3 Nf6 5. Bg5 d6 6. a3 O-O 7. Nc3 Be6 8.
Nd5 Bxd5 9. exd5 Nd4 10. O-O h6 11. Bxf6 Qxf6 12. Nxd4 Bxd4 13. c3 Bb6 14.
a4 a5 15. Qe2 Rac8 16. Bd7 Rcd8 17. Bb5 Rc8 18. Qd2 c6 19. dxc6 bxc6 20.
Ba6 Rb8 21. Rad1 Rfe8 22. b4 axb4 23. cxb4 Re7 24. b5 Ra7 25. Kh1 Re8 26.
f4 exf4 27. Qxf4 Qxf4 28. Rxf4 Rae7 29. g3 Re1+ 30. Rxe1 Rxe1+ 31. Kg2 Rg1+
32. Kh3 cxb5 33. Bxb5 f6 34. Rc4 Rd1 35. Rc6 Bc5 36. a5 Ra1 37. Bc4+ Kh7
38. a6 g5 39. Kg4 Kg6 40. Kf3 h5 41. Rc8 Kf5 42. Re8 g4+ 43. Kg2 Rg1# {
White checkmated } 0-1

[Event "ICC tourney 2313 (120 10)"]
[Site "Internet Chess Club"]
[Date "2021.01.18"]
[Round "6"]
[White "tcquinlan"]
[Black "kevin2010"]
[Result "0-1"]
[ICCResult "White resigns"]
[WhiteElo "1060"]
[BlackElo "1126"]
[Opening "Sicilian: Kan, 5.Nc3"]
[ECO "B43"]
[NIC "SI.43"]
[Time "16:16:20"]
[PlyCount "84"]
[TimeControl "7200+10"]

1. e4 c5 2. Nf3 e6 3. Nc3 a6 4. d4 cxd4 5. Nxd4 Qc7 6. Bd3 Nf6 7. O-O Bc5
8. Nb3 Be7 9. Re1 d6 10. Bf4 Nc6 11. Qf3 O-O 12. Qh3 e5 13. Bd2 Bxh3 14.
gxh3 Qd7 15. Bf1 Qe6 16. Bg2 Rad8 17. Nd5 Rc8 18. c3 Rfd8 19. Re3 Nh5 20.
Bf1 Nf4 21. Rg3 Nxd5 22. exd5 Qxd5 23. Bg2 Qe6 24. Re1 d5 25. Bh6 Qxh6 26.
Ree3 Bc5 27. Nxc5 Rc7 28. Nb3 Rcd7 29. Nc5 Re7 30. b3 Qd6 31. b4 a5 32. a3
b6 33. Na6 Ra7 34. b5 Ne7 35. a4 Nf5 36. Rxg7+ Nxg7 37. Rd3 Kh8 38. c4 Qg6
39. Rg3 Qb1+ 40. Bf1 dxc4 41. Kg2 Qe4+ 42. Rf3 Rg8 { White resigns } 0-1

[Event "ICC tourney 2313 (120 10)"]
[Site "Internet Chess Club"]
[Date "2021.01.18"]
[Round "6"]
[White "dwonf"]
[Black "siddharthbose"]
[Result "0-1"]
[ICCResult "White resigns"]
[WhiteElo "1347"]
[BlackElo "1232"]
[Opening "Queen's pawn game"]
[ECO "E10"]
[NIC "QI.01"]
[Time "16:16:37"]
[PlyCount "106"]
[TimeControl "7200+10"]

1. d4 Nf6 2. c4 e6 3. Nf3 d5 4. e3 Be7 5. Bd3 O-O 6. O-O Nbd7 7. Nc3 b6 8.
a3 Bb7 9. b4 c5 10. bxc5 bxc5 11. Bb2 Rc8 12. cxd5 exd5 13. Bb1 c4 14. Qc2
Re8 15. Ne5 Bd6 16. f4 Ne4 17. Nxe4 dxe4 18. Bc3 Ba6 19. Qxe4 Nf6 20. Qf3
Qe7 21. a4 Bb7 22. Qh3 h6 23. Ba2 Ne4 24. Rac1 Bxe5 25. fxe5 Qa3 26. Qf5
Bd5 27. Bb1 Nxc3 28. Qh7+ Kf8 29. Qc2 Nxb1 30. Rxb1 Qxe3+ 31. Kh1 Be4 32.
Qa2 Bxb1 33. Qxb1 Qd3 34. Qa1 c3 35. Rf3 c2 36. Rxd3 c1=Q+ 37. Rd1 Qxa1 38.
Rxa1 Red8 39. Rd1 Rxd4 40. Re1 Rcd8 41. g3 Rd1 42. Rg1 Rxg1+ 43. Kxg1 Rd4
44. Kg2 Rxa4 45. Kf3 Rb4 46. g4 a5 47. h4 a4 48. Ke2 a3 49. g5 a2 50. gxh6
gxh6 51. Kd3 a1=Q 52. h5 Qa3+ 53. Kc2 Rb2+ { White resigns } 0-1

[Event "ICC tourney 2313 (120 10)"]
[Site "Internet Chess Club"]
[Date "2021.01.18"]
[Round "6"]
[White "bshesh131"]
[Black "chessrdu20"]
[Result "1-0"]
[ICCResult "Black checkmated"]
[WhiteElo "908"]
[BlackElo "1137"]
[Opening "English: Sicilian reversed"]
[ECO "A25"]
[NIC "EO.20"]
[Time "16:16:26"]
[PlyCount "89"]
[TimeControl "7200+10"]

1. c4 e5 2. Nc3 Nc6 3. g3 Bc5 4. Bg2 Nf6 5. e3 O-O 6. Nge2 Re8 7. a3 a5 8.
O-O d6 9. d4 exd4 10. exd4 Bb6 11. Bg5 h6 12. Bxf6 Qxf6 13. Nd5 Qd8 14.
Nxb6 cxb6 15. Nc3 Bf5 16. Qd2 Rb8 17. Rfe1 Rxe1+ 18. Rxe1 Na7 19. d5 Qd7
20. Qf4 Rd8 21. h4 Bg6 22. Qe3 Qc7 23. Bf1 f6 24. Qd4 Re8 25. Rxe8+ Bxe8
26. Qe4 Bf7 27. Bd3 Kf8 28. Qh7 Bg8 29. Qh8 Nc8 30. Ne2 Qf7 31. Nf4 Ne7 32.
Ne6+ Ke8 33. Nxg7+ Kf8 34. Ne6+ Ke8 35. Qxh6 Kd7 36. Qe3 Nc8 37. Bf5 Qe7
38. h5 Ke8 39. h6 Kd7 40. Kh2 Ke8 41. Qe2 Qf7 42. Bg6 Qxg6 43. Nf4+ Kf7 44.
Qe6+ Kf8 45. Nxg6# { Black checkmated } 1-0

[Event "ICC tourney 2313 (120 10)"]
[Site "Internet Chess Club"]
[Date "2021.01.18"]
[Round "6"]
[White "chess278"]
[Black "DrBryanJ"]
[Result "1-0"]
[ICCResult "Black resigns"]
[WhiteElo "1287"]
[BlackElo "1261"]
[Opening "Réti: Nimzovich-Larsen attack"]
[ECO "A06"]
[NIC "QP.09"]
[Time "16:16:19"]
[PlyCount "69"]
[TimeControl "7200+10"]

1. Nf3 d5 2. b3 Bf5 3. Bb2 Nf6 4. e3 Nc6 5. Bb5 Bd7 6. d3 e6 7. O-O Bd6 8.
Bxc6 Bxc6 9. Nbd2 O-O 10. c4 Qe7 11. d4 Ba3 12. Bxa3 Qxa3 13. Qc2 Qa5 14.
Ne5 Qa6 15. Rfc1 Qa5 16. cxd5 Bxd5 17. e4 Bc6 18. Nxc6 bxc6 19. Nc4 Qb4 20.
a3 Qb7 21. Na5 Qb5 22. Nxc6 Qg5 23. Ne7+ Kh8 24. Nc6 Qf4 25. f3 Qe3+ 26.
Kh1 h5 27. Re1 Qg5 28. Qc1 Qg6 29. Qf4 Ne8 30. Ne5 Qf6 31. Qxf6 Nxf6 32.
Rac1 Rac8 33. Rc5 c6 34. Rec1 Rcd8 35. Nxc6 { Black resigns } 1-0

[Event "ICC tourney 2313 (120 10)"]
[Site "Internet Chess Club"]
[Date "2021.01.18"]
[Round "6"]
[White "bryantan2010"]
[Black "charmingraven"]
[Result "1-0"]
[ICCResult "Black checkmated"]
[WhiteElo "1138"]
[BlackElo "926"]
[Opening "Scotch gambit: Dubois-Réti defense"]
[ECO "C55"]
[NIC "KP.02"]
[Time "16:16:24"]
[PlyCount "129"]
[TimeControl "7200+10"]

1. e4 e5 2. Nf3 Nc6 3. d4 exd4 4. Bc4 Nf6 5. e5 Ng8 6. O-O d6 7. Nxd4 Nxe5
8. Re1 Be7 9. Bb3 Ng6 10. Nc3 Nf6 11. Bg5 O-O 12. Bxf6 Bxf6 13. Re3 Bd7 14.
Rg3 Re8 15. Qf3 Nh4 16. Qf4 Qe7 17. Re3 Be5 18. Qe4 Qg5 19. g3 Bxd4 20.
Qxd4 Rxe3 21. Qxe3 Qg6 22. Qe7 Nf3+ 23. Kg2 Bc6 24. Bd5 Re8 25. Qxc7 Bxd5
26. Nxd5 Qe4 27. Ne3 Ne1+ 28. Kg1 Nf3+ 29. Kg2 Ne1+ 30. Kg1 Qb4 31. Rd1
Nf3+ 32. Kg2 Nd2 33. Kg1 d5 34. Nxd5 Nf3+ 35. Kg2 Qe4 36. Ne3 Nh4+ 37. Kg1
Qg6 38. Rd8 Nf3+ 39. Kh1 Qe6 40. Qb8 Kf8 41. Rxe8+ Qxe8 42. Qxb7 f6 43.
Qxf3 Qb5 44. Qa8+ Kf7 45. Qxa7+ Kg6 46. b3 Qc6+ 47. Kg1 Qc3 48. a4 Qe1+ 49.
Kg2 Qb4 50. a5 Qe4+ 51. Kg1 Qe5 52. a6 Qa1+ 53. Kg2 Qa5 54. Qb7 Qd8 55. a7
Qa5 56. a8=Q Qxa8 57. Qxa8 h6 58. Qe4+ Kf7 59. c4 g5 60. c5 f5 61. Qxf5+
Kg7 62. c6 g4 63. c7 h5 64. c8=Q h4 65. Qcf8# { Black checkmated } 1-0

[Event "ICC tourney 2313 (120 10)"]
[Site "Internet Chess Club"]
[Date "2021.01.18"]
[Round "6"]
[White "traycon"]
[Black "DanielGuan"]
[Result "0-1"]
[ICCResult "White resigns"]
[WhiteElo "853"]
[BlackElo "1291"]
[Opening "English opening"]
[ECO "A16"]
[NIC "EO.13"]
[Time "16:16:15"]
[PlyCount "156"]
[TimeControl "7200+10"]

1. c4 Nf6 2. Nc3 g6 3. g3 Bg7 4. Bg2 O-O 5. d3 d6 6. Rb1 Nc6 7. Nf3 e5 8.
O-O Bd7 9. b4 Ne7 10. b5 Kh8 11. Ng5 c6 12. bxc6 Bxc6 13. Bxc6 bxc6 14. Rb7
h6 15. Nge4 Nxe4 16. Nxe4 f5 17. Nd2 a5 18. Ba3 Re8 19. Qc2 Qc8 20. Rfb1
Qe6 21. R1b6 Rec8 22. Qb3 a4 23. Qb4 Rd8 24. Rb8 Raxb8 25. Rxb8 Rxb8 26.
Qxb8+ Nc8 27. Bb2 Qd7 28. Nb1 Kh7 29. Nc3 c5 30. Nd5 Ne7 31. Qc7 Qxc7 32.
Nxc7 Nc6 33. Na8 Nb4 34. a3 Nc2 35. Nb6 e4 36. Bc1 exd3 37. exd3 Nd4 38.
Kg2 Ne2 39. Bd2 Bb2 40. Nxa4 Bxa3 41. Ba5 Nc1 42. Bc7 Nxd3 43. Bxd6 Kg7 44.
Kf3 Kf7 45. Ke3 Ke6 46. Bf8 Ne5 47. Nxc5+ Bxc5+ 48. Bxc5 Nxc4+ 49. Ke2 Kd5
50. Bf8 h5 51. f4 Ke4 52. Kf2 Kd3 53. Be7 Ne3 54. h3 Ke4 55. Bc5 Nd5 56.
Bf8 Kd4 57. Kf3 Kd3 58. Bh6 Nc7 59. Bg5 Ne6 60. Bf6 Nd4+ 61. Bxd4 Kxd4 62.
g4 h4 63. g5 Kd3 64. Kg2 Ke4 65. Kf2 Kxf4 66. Kg2 Kxg5 67. Kf3 Kf6 68. Kf4
g5+ 69. Kf3 Ke5 70. Ke3 g4 71. hxg4 fxg4 72. Kf2 Kf4 73. Kg2 h3+ 74. Kh2
Kf3 75. Kg1 g3 76. Kh1 g2+ 77. Kg1 h2+ 78. Kxh2 Kf2 { White resigns } 0-1